 Dungeon Crawl Stone Soup version 0.24.0-13-gcf9b319 (webtiles) character file.

Game seed: 15514460920062169720, levelgen mode: deterministic

30 Fortress the Conjurer (level 3, -2/26 HPs)
             Began as a Draconian Conjurer on Jan 9, 2020.
             Slain by Terence
             ... wielding a +0 flail
              (3 damage)
             ... on level 2 of the Dungeon.
             The game lasted 00:05:37 (949 turns).

Fortress the Conjurer (Draconian Conjurer)           Turns: 949, Time: 00:05:38

Health: -2/26      AC:  5    Str: 10    XL:     3   Next: 5%
Magic:  0/6        EV: 12    Int: 11    God:
Gold:   83         SH:  0    Dex: 11    Spells: 5/6 levels left

rFire    . . .     SeeInvis .   a - +0 short sword
rCold    . . .     Gourm    .   (no shield)
rNeg     . . .     Faith    .   (armour unavailable)
rPois    .         Spirit   .   (helmet restricted)
rElec    .         Reflect  .   (no cloak)
rCorr    .         Harm     .   (no gloves)
MR       .....                  (no boots)
Stlth    ++........             (no amulet)
HPRegen  0.08/turn              d - -5 ring of intelligence (curse)
MPRegen  0.10/turn              (no ring)

@: no status effects
A: unfitting armour, cold-blooded, AC +5
a: no special abilities


You were on level 2 of the Dungeon.
You were very hungry.

You visited 1 branch of the dungeon, and saw 2 of its levels.

You collected 83 gold pieces.

Inventory:

Hand Weapons
 a - a +0 short sword (weapon)
Jewellery
 d - a cursed -5 ring of intelligence (left hand)
Potions
 c - a potion of haste
Comestibles
 b - 3 rations


   Skills:
 + Level 1.9 Dodging
 + Level 1.9 Stealth
 + Level 2.3 Spellcasting
 + Level 4.6 Conjurations


You had 5 spell levels left.
You knew the following spells:

 Your Spells              Type           Power        Failure   Level  Hunger
a - Magic Dart            Conj           ##..         4%          1    ##.....

Your spell library contained the following spells:

 Spells                   Type           Power        Failure   Level  Hunger
 Searing Ray              Conj           ##....       6%          2    ###....
 Dazzling Spray           Conj/Hex       #.....       32%         3    ####...
 Iskenderun's Mystic Bla  Conj           ##......     38%         4    #####..
 Force Lance              Conj/Tloc      #.......     71%         4    #####..
 Fulminant Prism          Conj/Hex       #.........   71%         4    #####..


Dungeon Overview and Level Annotations

Branches:
Dungeon (2/15)

Altars:
Okawaru

Annotations:
D:2 Terence


Innate Abilities, Weirdness & Mutations

Your plain brown scales are hard. (AC +5)
You cannot fit into any form of body armour.
You are cold-blooded and may be slowed by cold attacks.


Message History

The magic dart hits Terence but does no damage.
Terence is lightly wounded.
You hit Terence but do no damage.
Terence is lightly wounded.
Terence hits you with a +0 flail!
* * * LOW HITPOINT WARNING * * *
You barely miss Terence.
Terence is lightly wounded.
Terence hits you but does no damage.
You hit Terence but do no damage.
You tail-slap Terence, but do no damage.
Terence is lightly wounded.
Terence closely misses you.
You hit Terence but do no damage.
Terence is lightly wounded.
Terence closely misses you.
You barely miss Terence.
Terence is lightly wounded.
Terence hits you with a +0 flail.
You die...

.#.. ... ..# .. #
.....# #.# .# #.#
..##@# #.#
.##...##.?...# #.#
........ (..###.#
.####.######.#.#.#
.................#
.##...######.#.@@#
.##.#######.....##
....(....##.....#
.........##.#####
.........##<...#
.........##...##
....†....##.###
............#
....#####.####


You could see Terence.

Vanquished Creatures
  4 dart slugs
  2 bats
  A giant cockroach (D:1)
  A goblin (D:1)
  3 hobgoblins (D:1)
  5 kobolds
  A quokka (D:2)
  3 frilled lizards
  A rat (D:1)
21 creatures vanquished.

Notes
Turn   | Place    | Note
-------+----------+-------------------------------------------
     0 | D:1      | Fortress the Draconian Conjurer began the quest for the
                  | Orb.
     0 | D:1      | Reached XP level 1. HP: 14/14 MP: 3/3
   160 | D:1      | Reached XP level 2. HP: 13/20 MP: 0/5
   784 | D:2      | Found an iron altar of Okawaru.
   895 | D:2      | Reached XP level 3. HP: 23/26 MP: 0/6
   919 | D:2      | Noticed Terence
   945 | D:2      | HP: 1/26 [Terence/+0 flail (11)]
   949 | D:2      | Slain by Terence

Levels and vault maps discovered:
D:1:      dpeg_arrival_castle, layout_rooms
D:2:      minmay_alternating_diamond, layout_basic, first_ration,
          okawaru_metal_pillars_1_2, uniq_terence, uniq_jessica

Action                   || total
-------------------------++-------
Melee: Unarmed           ||     7
       Tailslap          ||     4
       Short sword       ||    39
 Cast: Magic Dart        ||    53
  Use: Scroll            ||     1
Armor: Skin              ||     8
Dodge: Dodged            ||    36
